 Dungeon Crawl Stone Soup version 0.18-a0-1792-g362e38b (webtiles) character file.

147520 killjoy the Brawler (level 16, -3/156 HPs)
             Began as a Troll Monk on Apr 18, 2016.
             Was the Champion of Qazlal.
             Killed by drain life
             ... invoked by a soul eater
              (18 damage)
             ... in a wizard's laboratory on Apr 21, 2016.
             The game lasted 03:10:59 (27440 turns).

killjoy the Brawler (Troll Monk)                   Turns: 27440, Time: 03:10:59

Health: -3/156     AC: 16    Str: 26    XL:     16   Next: 92%
Magic:  11/22      EV: 17    Int:  9    God:    Qazlal [******]
Gold:   2660       SH:  8    Dex: 13    Spells: 0 memorised, 15 levels left

rFire  + . .     SeeInvis .       - Unarmed
rCold  x . .     Gourm    +     U - quicksilver dragon armour of Follow the Leader {rPois rF- MR+ Int+5 Slay+3 Stlth+}
rNeg   . . .     Faith    +     (no shield)
rPois  +         Spirit   .     (helmet restricted)
rElec  +         Dismiss  .     g - +1 cloak
rCorr  .         Reflect  .     (gloves unavailable)
SustAt +         Harm     .     (boots unavailable)
MR     +++..                    C - amulet of faith
Stlth  +.........               P - ring "Hongig" {SustAt rElec rF+ rC- MR+}
                                I - +3 ring of dexterity

@: protected from fire, repel missiles, extremely resistant to hostile
enchantments, very unstealthy
A: unfitting armour, claws 3, talons 1, blurry vision 1, clumsy 1, dopey 1, fast
metabolism 3, gourmand, regeneration 2, shaggy fur 1, electricity resistance,
tough skin 2, weak 1
a: Upheaval, Elemental Force, Disaster Area, Renounce Religion


You were in a wizard's laboratory.
You worshipped Qazlal.
Qazlal was exalted by your worship.
You were not hungry.

You visited 7 branches of the dungeon, and saw 30 of its levels.
You also visited: Labyrinth, Sewer, Volcano and Wizlab.

You collected 3279 gold pieces.
You spent 619 gold pieces at shops.

Inventory:

Hand Weapons
 T - the +6 mace of Urgency {speed, MR+ Dex+4}
   (You found it in a labyrinth)

   Attacks with this weapon are significantly faster.
   It affects your dexterity (+4).
   It affects your resistance to hostile enchantments.
 W - a +1 demon trident
Armour
 g - a +1 cloak (worn)
 U - the quicksilver dragon armour of Follow the Leader (worn) {rPois rF- MR+ Int+5 Slay+3 Stlth+}
   (You found it in a labyrinth)

   It affects your intelligence (+5).
   It affects your accuracy and damage with ranged weapons and melee attacks
   (+3).
   It makes you vulnerable to fire.
   It protects you from poison.
   It affects your resistance to hostile enchantments.
   It makes you more stealthy.
Rods
 J - a +5 rod of shadows (9/9)
   (You took it off a minotaur in a labyrinth)
 Q - a +1 iron rod (13/13)
   (You found it in a labyrinth)
Jewellery
 a - an uncursed ring of see invisible
 n - a +4 ring of evasion
 A - a cursed amulet of dismissal {unknown}
 C - an amulet of faith (around neck)
 I - a +3 ring of dexterity (left claw)
 P - the ring "Hongig" (right claw) {SustAt rElec rF+ rC- MR+}
   (You found it in a labyrinth)

   [ring of sustain attributes]

   It sustains your strength, intelligence and dexterity.
   It protects you from fire.
   It makes you vulnerable to cold.
   It insulates you from electricity.
   It affects your resistance to hostile enchantments.
Wands
 w - a wand of lightning (7/15)
 y - a wand of acid (7/15)
 E - a wand of heal wounds (4/9)
 H - a wand of iceblast (6/15)
 K - a wand of heal wounds (0/9)
 O - a wand of flame (26/48)
 S - a wand of iceblast (5/15)
Scrolls
 c - a scroll of blinking
 d - 15 scrolls of remove curse
 k - 2 scrolls of fear
 l - 15 scrolls of teleportation
 p - a scroll of magic mapping
 u - 4 scrolls of enchant weapon
Potions
 b - 2 potions of magic
 e - 3 potions of berserk rage
 f - 4 potions of agility
 h - a potion of lignification {unknown}
 i - 7 potions of curing
 m - 2 potions of invisibility
 o - 3 potions of haste
 q - 5 potions of flight
 s - 3 potions of might
 t - a potion of cure mutation {unknown}
 v - a potion of brilliance
 x - 3 potions of heal wounds
 B - 2 potions of cancellation {unknown}
 F - 2 potions of ambrosia {unknown}
 N - a potion of mutation {unknown}
Miscellaneous
 r - a fan of gales (inert)
Comestibles
 j - 9 meat rations
 z - 11 bread rations
 G - 6 fruits
 V - 9 royal jellies


   Skills:
 + Level 9.5 Fighting
 * Level 9.4 Maces & Flails
 + Level 6.3 Armour
 * Level 15.2 Dodging
 - Level 1.4 Stealth
 * Level 16.0 Unarmed Combat
 * Level 9.7 Invocations
 + Level 1.2 Evocations


You had 15 spell levels left.
You didn't know any spells.

Dungeon Overview and Level Annotations

Branches:
Dungeon (15/15)            Temple (1/1) D:5            Lair (8/8) D:10
  Swamp (1/4) Lair:5        Snake (1/4) Lair:5        Slime (0/6) Lair:6
    Orc (2/2) D:10            Elf (2/3) Orc:2        Vaults (0/5) D:14
 Depths (0/5) D:15

Altars:
Ashenzari
Cheibriados
Dithmenos
Elyvilon
Fedhas
Gozag
Kikubaaqudgha
Makhleb
Nemelex Xobeh
Okawaru
Pakellas
Qazlal
Ru
Sif Muna
Trog
Vehumet
Xom
Yredelemnul
Zin
The Shining One
Beogh
Jiyva

Shops:
D:6 }   D:7 *   D:8 %?   Orc:2 [*(:   Elf:1 !   Elf:2 (

Portals:
Trove: D:14 (give +6 demon blade)

Annotations:
Swamp:1 Aizul


Innate Abilities, Weirdness & Mutations

You are too large for most types of armour.
You have claws for hands.
Your metabolism is lightning-fast.
You like to eat raw meat.
You heal very quickly.
You are covered in fur (AC +1).
You have very tough skin (AC +2).
You have sharp toenails.
Scrolls take you a little longer to read.
You are clumsy. (Dex -2)
You are dopey. (Int -2)
You are resistant to electric shocks.
You are weak. (Str -2)


Message History

Unknown command.
Evoke which item? (* to show all) (? for menu, Esc to quit)
Zapping:
E - a wand of heal wounds (5/9)
Press: ? - help, Shift-Dir - straight line, f - you You feel much better.
This wand has 4 charges left.
The tormentor calls on the powers of darkness!
Your body is wracked with pain!
* * * LOW HITPOINT WARNING * * *
The soul eater is engulfed in roaring flames.
The soul eater barely misses you. Something hits you but does no damage.
The Ice Fiend calls on the powers of darkness!
Your body is wracked with pain!
* * * LOW HITPOINT WARNING * * *
The green death completely misses you.
Evoke which item? (* to show all) (? for menu, Esc to quit)
A fierce wind blows from the fan.
The green death and the soul eater are blown away by the wind.
The winds coalesce and take form.
The soul eater draws from the surrounding life force!
You die...

#....................###
#.......................
#.......................
#...§.§..........###....
#....§...........# #....
#.§.......§......###....
#..§§§.§§............###
#.....?.....1........# #
#.§§§.§@.2§.2........###
#....§..........###.....
#..E.....§.?3...# #.....
#....§....3.....###.....
#.......................
#....?.........#.....###
#.............?#.....# #
#..............#.....###
.....................


You could see an Ice Fiend, a green death, 2 soul eaters, a tormentor and a
friendly air elemental.

Vanquished Creatures
  Agnes (Elf:1)
  A deep elf sorcerer (Elf:1)
  2 orc warlords
  Louise (D:14)
  Maud (Lair:7)
  A cacodemon (WizLab)
  A stone giant (Orc:1)
  A salamander stormcaller (D:15)
  Azrael (Orc:2)
  Nessos (Volcano)
  A deep elf annihilator (Elf:1)
  A green death (WizLab)
  3 vault guards (D:14)
  A fire dragon (Lair:8)
  A minotaur (Lab)
  A naga warrior (Snake:1)
  13 hydras
  2 death knights
  3 centaur warriors
  7 dancing weapons
  The ghost of ktulu8bugs the Covert, a novice NaIE of Qazlal (D:10)
  Erica (D:11)
  4 orc high priests (Orc:2)
  3 naga sharpshooters (Snake:1)
  A soul eater (WizLab)
  9 deep elf knights
  A vampire mage (D:15)
  A sun demon (WizLab)
  Nergalle (D:11)
  A spriggan (Swamp:1)
  A fire crab (shapeshifter) (D:13)
  A skeletal warrior (D:14)
  A salamander mystic (D:15)
  2 hill giants
  A swamp dragon (Swamp:1)
  A lindwurm (Lair:2)
  2 unseen horrors
  8 deep elf archers (Elf:1)
  4 orc knights (Orc:2)
  2 ugly things
  2 necromancers
  22 deep elf magi
  2 griffons (Lair:8)
  A wizard (D:14)
  5 orc sorcerers (Orc:2)
  A mana viper (Snake:1)
  A phantasmal warrior (D:15)
  A wolf spider (D:13)
  3 salamanders (D:15)
  A hornet (shapeshifter) (D:13)
  4 cyclopes
  A guardian serpent (shapeshifter) (D:15)
  6 elephants (Lair:5)
  Joseph (D:10)
  Maurice (D:13)
  10 black mambas
  A smoke demon (WizLab)
  The ghost of Marethyu the Nimble, a novice FeBe of Trog (D:7)
  A spiny frog (shapeshifter) (D:13)
  A gargoyle (D:15)
  14 spiny frogs
  A yaktaur zombie (D:15)
  8 komodo dragons
  2 freezing wraiths
  A yaktaur (Volcano)
  3 rime drakes
  A guardian mummy (D:15)
  9 polar bears
  A two-headed ogre (D:14)
  8 trolls
  A spriggan skeleton (D:15)
  2 giant leeches (Swamp:1)
  A boulder beetle (Lair:8)
  3 slime creatures (D:13)
  A two-headed ogre (shapeshifter) (Elf:1)
  2 fire dragon zombies (D:15)
  Prince Ribbit (D:8)
  23 blink frogs
  2 raiju (Lair:8)
  A redback (Lab)
  3 vampires
  A shadow (Lab)
  2 water elementals (Elf:1)
  An air elemental (Elf:1)
  3 wyverns
  20 humans
  67 yaks
  A wraith (D:15)
  4 fire bats (Volcano)
  A basilisk (Lair:8)
  6 hungry ghosts (Lab)
  10 vampire mosquitoes
  11 hippogriffs
  A steam dragon (Lair:8)
  5 fire elementals
  Grum (D:10)
  6 mottled dragons
  5 nagas
  9 wargs
  A water moccasin (shapeshifter) (Elf:1)
  11 water moccasins
  A swamp drake (Lair:8)
  10 porcupines
  42 orc warriors
  4 ice beasts
  Purgy (Sewer)
  19 black bears
  11 hell hounds
  An eye of draining (D:8)
  5 sky beasts
  A wasp (Swamp:1)
  A necrophage (D:15)
  A phantom (D:10)
  7 ogres
  11 centaurs
  19 crocodiles
  28 wolves
  3 big kobolds
  3 earth elementals
  2 gnoll sergeants (D:7)
  2 wyvern zombies
  10 giant frogs
  A wyvern skeleton (D:13)
  4 scorpions
  11 wights
  17 killer bees
  A troll skeleton (Lab)
  3 howler monkeys
  An electric eel (Lair:5)
  5 crimson imps
  A quasit (D:5)
  2 jellies
  4 lava snakes (Volcano)
  2 giant frog zombies
  5 centaur skeletons
  2 centaur zombies
  20 hounds
  25 orc priests
  30 orc wizards
  13 iguanas
  12 worker ants
  A killer bee zombie (D:9)
  52 sheep
  2 hound skeletons
  A howler monkey zombie (D:10)
  2 worker ant zombies (D:6)
  9 adders
  8 gnolls (D:7)
  A howler monkey skeleton (D:7)
  89 river rats
  4 shadow imps
  5 oozes
  3 worms
  2 dart slugs (D:3)
  8 giant geckos
  126 orcs
  7 giant cockroaches
  2 goblins
  5 hobgoblins
  18 jackals
  21 kobolds
  3 quokkas
  2 ball pythons
  7 bats
  2 giant gecko skeletons (D:4)
  8 giant newts
  A quokka skeleton (D:7)
  9 rats
  61 fungi
  53 plants
  2 withered plants (D:15)
1265 creatures vanquished.

Vanquished Creatures (others)
  An orc priest (Orc:2)
  An iguana (Lair:8)
  An orc wizard (Orc:2)
  An orc (Orc:2)
  10 fungi
  24 plants
  2 withered plants (D:15)
40 creatures vanquished.

Grand Total: 1305 creatures vanquished

Notes
Turn   | Place    | Note
--------------------------------------------------------------
     0 | D:1      | killjoy the Troll Monk began the quest for the Orb.
     0 | D:1      | Reached XP level 1. HP: 22/22 MP: 0/0
    81 | D:1      | Reached XP level 2. HP: 29/29 MP: 1/1
   508 | D:1      | Reached XP level 3. HP: 33/36 MP: 2/2
   776 | D:2      | Reached XP level 4. HP: 39/44 MP: 3/3
  1224 | D:3      | Reached XP level 5. HP: 52/53 MP: 4/4
  1804 | D:4      | Reached skill level 5 in Unarmed Combat
  1816 | D:4      | Reached XP level 6. HP: 23/61 MP: 5/5
  1990 | D:4      | Found a glowing drain.
  1999 | Sewer    | Entered a sewer
  2037 | Sewer    | Noticed Purgy
  2053 | Sewer    | Killed Purgy
  2299 | D:4      | Reached skill level 5 in Dodging
  2306 | D:4      | Reached XP level 7. HP: 61/67 MP: 6/6
  2666 | D:5      | Entered Level 5 of the Dungeon
  2682 | D:5      | Reached skill level 6 in Unarmed Combat
  2841 | D:5      | Found a staircase to the Ecumenical Temple.
  2857 | Temple   | Entered the Ecumenical Temple
  2913 | Temple   | Became a worshipper of Qazlal Stormbringer
  2913 | Temple   | Reached * piety under Qazlal
  2913 | Temple   | Reached ** piety under Qazlal
  3162 | D:5      | Found a snail-covered altar of Cheibriados.
  3165 | D:5      | Found a white marble altar of Elyvilon.
  3170 | D:5      | Found an oddly glowing altar of Pakellas.
  3317 | D:5      | Reached XP level 8. HP: 63/78 MP: 7/7
  3322 | D:5      | Found a sparkling altar of Nemelex Xobeh.
  3343 | D:5      | Found a bloodstained altar of Trog.
  3410 | D:5      | Reached skill level 7 in Unarmed Combat
  3628 | D:6      | Found Exynozosch's Gadget Shoppe.
  3725 | D:6      | Found a glowing golden altar of the Shining One.
  4251 | D:6      | Reached *** piety under Qazlal
  4484 | D:7      | Noticed a hill giant
  4499 | D:7      | Noticed Marethyu's ghost (novice FeBe)
  4503 | D:7      | Killed a hill giant
  4503 | D:7      | Reached skill level 8 in Unarmed Combat
  4503 | D:7      | Reached XP level 9. HP: 46/85 MP: 8/8
  4504 | D:7      | Upgraded the game from 0.18-a0-1784-ga939a68 to 0.18-a0-1788-g92de1ac
  4704 | D:7      | Found Receahol's Assorted Antiques.
  4708 | D:7      | Bought a fuming dark potion for 27 gold pieces
  4708 | D:7      | Bought a scroll labeled UCWIUCREODETT for 31 gold pieces
  4764 | D:7      | Killed Marethyu's ghost
  4826 | D:7      | Found a sparkling altar of Nemelex Xobeh.
  4827 | D:7      | Found a shattered altar of Ashenzari.
  4827 | D:7      | Found a bloodstained altar of Trog.
  5140 | D:7      | Reached skill level 9 in Unarmed Combat
  5448 | D:8      | Reached skill level 5 in Fighting
  5561 | D:8      | Found Coron's Magic Scroll Boutique.
  5567 | D:8      | Bought a scroll of teleportation for 39 gold pieces
  5567 | D:8      | Bought a scroll of identify for 26 gold pieces
  5567 | D:8      | Bought a scroll of remove curse for 39 gold pieces
  5606 | D:8      | Noticed a white ugly thing
  5607 | D:8      | Found an ancient bone altar of Kikubaaqudgha.
  5624 | D:8      | Killed a white ugly thing
  5624 | D:8      | Reached skill level 1 in Invocations
  5791 | D:8      | Noticed Prince Ribbit
  5812 | D:8      | Reached XP level 10. HP: 63/96 MP: 7/10
  5818 | D:8      | Killed Prince Ribbit
  5842 | D:8      | Gained mutation: You are weak. (Str -2) [mutagenic meat]
  5843 | D:8      | Gained mutation: You are resistant to electric shocks. [mutagenic meat]
  5844 | D:8      | Gained mutation: Your mind is acute. (Int +2) [mutagenic meat]
  5845 | D:8      | Lost mutation: Your mind is acute. (Int +2) [mutagenic meat]
  5846 | D:8      | Gained mutation: You are dopey. (Int -2) [mutagenic meat]
  6160 | D:8      | Got an iridescent shortbow
  6161 | D:8      | Identified the +3 shortbow of the Lair of Beasts {flame, rC+ MP+9 Dex-3 SInv} (You found it on level 8 of the Dungeon)
  6407 | D:8      | Found Lyujic's Food Shoppe.
  6488 | D:9      | Found a shadowy altar of Dithmenos.
  6532 | D:9      | Reached **** piety under Qazlal
  6546 | D:9      | Reached skill level 10 in Unarmed Combat
  7023 | D:10     | Entered Level 10 of the Dungeon
  7081 | D:10     | Found a staircase to the Lair.
  7194 | D:10     | Noticed ktulu8bugs's ghost (novice NaIE)
  7232 | D:10     | Killed ktulu8bugs's ghost
  7232 | D:10     | Reached ***** piety under Qazlal
  7245 | D:10     | Reached XP level 11. HP: 66/105 MP: 12/12
  7287 | D:10     | Reached skill level 10 in Dodging
  7437 | D:10     | Found a staircase to the Orcish Mines.
  7446 | Orc:1    | Entered Level 1 of the Orcish Mines
  7886 | Orc:2    | Entered Level 2 of the Orcish Mines
  7886 | Orc:2    | Found a staircase to the Elven Halls.
  7890 | Orc:2    | Noticed an orc warlord
  7922 | Orc:2    | Noticed Azrael
  7922 | Orc:2    | Noticed an orc sorcerer
  8066 | D:10     | Reached skill level 11 in Unarmed Combat
  8139 | D:10     | Noticed Joseph
  8151 | D:10     | Killed Joseph
  8446 | D:10     | Noticed Grum
  8462 | D:10     | Killed Grum
  8734 | D:10     | Gained mutation: You are clumsy. (Dex -2) [mutagenic meat]
  8815 | D:11     | Noticed Erica
  8827 | D:11     | Killed Erica
  8950 | D:11     | Found a labyrinth entrance.
  8974 | Lab      | Entered a labyrinth
  9070 | Lab      | Found an exit through the horrors of the Abyss.
  9131 | Lab      | Found an exit through the horrors of the Abyss.
  9208 | Lab      | Noticed a minotaur
  9212 | Lab      | Noticed a centaur warrior
  9233 | Lab      | Killed a minotaur
  9249 | Lab      | Got a crude silver ring
  9333 | Lab      | Identified the ring "Ynuapune" {Int+3 Stlth-} (You took it off a minotaur in a labyrinth)
  9609 | Lab      | Got a steaming wooden ring
  9610 | Lab      | Got an ancient mace
  9610 | Lab      | Got an ichor-stained quicksilver dragon armour
  9621 | Lab      | Identified the cursed quicksilver dragon armour of Follow the Leader {rPois rF- MR+ Int+5 Slay+3 Stlth+} (You found it in a labyrinth)
  9621 | Lab      | Identified the +6 mace of Urgency {speed, MR+ Dex+4} (You found it in a labyrinth)
  9626 | Lab      | Identified the ring "Hongig" {SustAt rElec rF+ rC- MR+} (You found it in a labyrinth)
  9765 | D:11     | Noticed Nergalle
  9783 | D:11     | Noticed a spectral orc warlord
  9801 | D:11     | Killed Nergalle
 10630 | D:12     | Reached XP level 12. HP: 114/115 MP: 14/14
 10675 | D:12     | Reached skill level 1 in Armour
 10971 | D:12     | Reached skill level 1 in Maces & Flails
 10971 | D:12     | Reached skill level 12 in Unarmed Combat
 11394 | D:13     | Gained mutation: You have sharp toenails. [mutagenic meat]
 11417 | D:13     | Reached skill level 5 in Invocations
 11421 | D:13     | Upgraded the game from 0.18-a0-1788-g92de1ac to 0.18-a0-1792-g362e38b
 11558 | D:13     | Found an oddly glowing altar of Pakellas.
 11558 | D:13     | Noticed a seven-headed hydra
 11569 | D:13     | Killed a seven-headed hydra
 11810 | D:13     | Noticed a death knight
 11823 | D:13     | Killed a death knight
 11868 | D:13     | Found an oddly glowing altar of Pakellas.
 12024 | D:13     | Noticed Maurice
 12028 | D:13     | Killed Maurice
 12223 | D:13     | Noticed a centaur warrior
 12233 | D:13     | Killed a centaur warrior
 12749 | D:14     | Noticed an eight-headed hydra
 12774 | D:14     | Killed an eight-headed hydra
 12856 | D:14     | Noticed a vault guard
 12861 | D:14     | Noticed a vault guard
 12865 | D:14     | Noticed a vault guard
 12876 | D:14     | Killed a vault guard
 12876 | D:14     | Reached XP level 13. HP: 75/123 MP: 16/16
 12883 | D:14     | Killed a vault guard
 12888 | D:14     | Killed a vault guard
 13055 | D:14     | Found a gate to the Vaults.
 13261 | D:14     | Noticed Louise
 13271 | D:14     | Killed Louise
 13271 | D:14     | Reached skill level 13 in Unarmed Combat
 13507 | D:14     | Found a portal to a secret trove of treasure.
 13546 | D:15     | Entered Level 15 of the Dungeon
 13627 | D:15     | Found a sparkling altar of Nemelex Xobeh.
 14005 | D:15     | Found a staircase to the Depths.
 14061 | D:15     | Noticed a jiangshi
 14750 | D:15     | Noticed a salamander stormcaller
 14760 | D:15     | Killed a salamander stormcaller
 14767 | D:15     | Reached skill level 1 in Evocations
 15206 | Lair:1   | Entered Level 1 of the Lair of Beasts
 15302 | Lair:1   | Reached XP level 14. HP: 133/133 MP: 18/18
 15547 | Lair:1   | Reached skill level 5 in Maces & Flails
 15921 | Lair:2   | Reached ****** piety under Qazlal
 16227 | Lair:2   | Found a dark tunnel.
 16238 | Volcano  | Entered a volcano
 16440 | Volcano  | Noticed Nessos
 16470 | Volcano  | Killed Nessos
 16568 | Volcano  | Found a burning altar of Makhleb.
 16608 | Volcano  | Found a bloodstained altar of Trog.
 17258 | Lair:3   | Reached skill level 14 in Unarmed Combat
 18515 | Lair:5   | Found a staircase to the Snake Pit.
 18550 | Snake:1  | Entered Level 1 of the Snake Pit
 19104 | Lair:5   | Found a staircase to the Swamp.
 19117 | Swamp:1  | Entered Level 1 of the Swamp
 19173 | Swamp:1  | Reached XP level 15. HP: 62/145 MP: 20/20
 19186 | Swamp:1  | Noticed Aizul
 20211 | Lair:6   | Reached skill level 5 in Armour
 20337 | Lair:6   | Identified a scroll of acquirement
 20579 | Lair:6   | Found a viscous altar of Jiyva.
 20579 | Lair:6   | Found a staircase to the Slime Pits.
 20880 | Lair:7   | Noticed Maud
 20899 | Lair:7   | Killed Maud
 21747 | Lair:8   | Entered Level 8 of the Lair of Beasts
 23764 | Orc:1    | Killed an orc warlord
 23848 | Orc:1    | Reached skill level 15 in Unarmed Combat
 24094 | Orc:2    | Reached XP level 16. HP: 156/156 MP: 21/21
 24279 | Orc:2    | Killed Azrael
 24973 | Orc:2    | Found a roughly hewn altar of Beogh.
 25038 | Orc:2    | Found a roughly hewn altar of Beogh.
 25192 | Orc:2    | Found Unleqaox's Antique Armour Emporium.
 25193 | Orc:2    | Found Cifeul's Antique Weapon Emporium.
 25195 | Orc:2    | Found Geff's General Store.
 25195 | Orc:2    | Found Dija's Book Shoppe.
 25219 | Orc:2    | Bought a bread ration for 50 gold pieces
 25219 | Orc:2    | Bought a meat ration for 50 gold pieces
 25358 | Elf:1    | Entered Level 1 of the Elven Halls
 25358 | Elf:1    | Found Fuetega's Distillery.
 25835 | Elf:1    | Reached skill level 15 in Dodging
 26000 | Elf:1    | Noticed Agnes
 26014 | Elf:1    | Killed Agnes
 26209 | Elf:1    | Bought a potion of heal wounds for 85 gold pieces
 26209 | Elf:1    | Bought a potion of curing for 51 gold pieces
 26209 | Elf:1    | Bought a potion of heal wounds for 85 gold pieces
 26209 | Elf:1    | Bought a potion of heal wounds for 85 gold pieces
 26209 | Elf:1    | Bought a potion of curing for 51 gold pieces
 27019 | Elf:2    | Found Cesaf's Antique Weapon Boutique.
 27182 | Elf:2    | Found a magical portal.
 27189 | WizLab   | Entered Doroklohe's Tomb
 27223 | WizLab   | Gained mutation: Scrolls take you a little longer to read. [a cacodemon]
 27436 | WizLab   | Reached skill level 16 in Unarmed Combat
 27437 | WizLab   | Noticed an Ice Fiend
 27440 | WizLab   | Killed from afar by a soul eater

Vault maps used:
D:1:      dpeg_arrival_stone_temple_mockup, minmay_misc_feat_tower
D:2:      first_bread
D:4:      portal_sewer_entry_e
D:5:      grunt_temple_overflow_open, minmay_temple_entry_glassed_door,
          basic_altar, trog_three_pillars_becter
D:6:      nicolae_tso_carved_into_rock, serial_shops, shop
D:7:      gammafunk_temple_overflow_claw, serial_shops,
          nicolae_shop_behind_doors
D:8:      basic_altar, serial_shops, shop, shop, uniq_prince_ribbit1
D:9:      grunt_dithmenos_smoke_and_mirrors
D:10:     minmay_lair_entry_lava, hiddenorc2_lemuel, grunt_livestock,
          uniq_joseph, uniq_grum
D:11:     lab_entry_generic, grunt_ministairs_5, uniq_erica, uniq_nergalle
D:13:     basic_altar, kennysheep_small_circle, uniq_maurice
D:14:     grunt_vaults_entry_tiered, nicolae_trove_entry_diagonal, uniq_louise
D:15:     gammafunk_depths_entry_grave, nemelex_xobeh_ov_fountains_minmay
Temple:   oiseaux_autumnal_temple_12
Lair:2:   nicolae_volcano_entry_vermiform, infiniplex_staircase_pool_2,
          serial_bayou_shore_b
Lair:3:   wad_woods_river_01
Lair:4:   minivault_25
Lair:5:   minmay_swamp_entry_swarm, guppyfry_snake_entry_garden,
          lemuel_fruit_fields, grunt_megastairs_2
Lair:6:   dpeg_slime_entry_enclosed_altar, lemuel_old_faithful,
          grunt_megastairs_5
Lair:7:   uniq_maud
Lair:8:   guppyfry_lair_end_dragon, hangedman_lair_caniforms_friends,
          serial_bayou_shore_a, grunt_megastairs_1
Swamp:1:  evilmike_swamp_ruin_house_1, uniq_aizul
Orc:2:    st_orc_congregation, basic_altar, minmay_orc_temple_b, uniq_azrael
Elf:1:    serial_shops, nicolae_shop_waterfront, minivault_28,
          nrook_mini_backslash, uniq_agnes
Elf:2:    infiniplex_enter_wizlab_spiral, serial_shops,
          nicolae_shop_overgrown_old_shop, door_vault
Lab:      nicolae_lab_grate, labyrinth_fake_exit, nicolae_lab_swirl,
          nicolae_lab_flowing_pool, nicolae_lab_quarters, nicolae_lab_plus,
          nicolae_lab_starburst, lab_fountain, nicolae_lab_big_swirl,
          labyrinth_glass_1, nicolae_lab_t_cross, nicolae_lab_x,
          nicolae_lab_checkerboard, nicolae_lab_do_over, nicolae_lab_arrow,
          lab_block
Sewer:    sewer_co_purgy_island
Volcano:  volcano_grotto
WizLab:   wizlab_doroklohe

Skill      XL: |  1  2  3  4  5  6  7  8  9 10 11 12 13 14 15 16 |
---------------+-------------------------------------------------+-----
Dodging        | 3 4 5 6 7 8 9 11 12 13 14 15 | 15.2
Fighting       | 3 4 5 6 7 8 9 |  9.5
Unarmed Combat | 5 6 8 9 10 11 12 13 14 15 16 | 16.0
Invocations    | 1 3 4 6 7 8 9 |  9.7
Armour         | 3 4 5 6 |  6.3
Maces & Flails | 3 4 6 8 9 |  9.4
Evocations     | 1 |  1.2
Stealth        | |  1.4

Action                   |  1- 3 |  4- 6 |  7- 9 | 10-12 | 13-15 | 16-18 || total
-------------------------+-------+-------+-------+-------+-------+-------++-------
Melee: Unarmed           |    81 |   170 |   311 |   763 |   827 |   472 ||  2624
       Punch             |     2 |     3 |     9 |    51 |   151 |    40 ||   256
       Kick              |       |       |       |    84 |   651 |   151 ||   886
       Mace              |       |       |       |    64 |   819 |       ||   883
Invok: Upheaval          |       |       |     2 |     5 |       |       ||     7
       Disaster Area     |       |       |       |       |     2 |     1 ||     3
Evoke: Wand              |       |       |       |    17 |    13 |     7 ||    37
       Fan of gales      |       |       |       |       |       |     1 ||     1
  Use: Scroll            |       |     7 |    12 |    13 |    16 |     2 ||    50
       Potion            |       |       |     9 |     3 |     6 |     2 ||    20
 Stab: Sleeping          |     4 |     2 |       |       |       |       ||     6
  Eat: Bread ration      |     2 |     1 |       |     1 |       |       ||     4
       Chunk             |       |     4 |    29 |    75 |    92 |    18 ||   218
       Pizza             |       |     2 |     1 |     5 |       |     5 ||    13
       Beef jerky        |       |       |       |     3 |     2 |       ||     5
       Fruit             |       |       |       |     3 |       |       ||     3
       Royal jelly       |       |       |       |     1 |     4 |       ||     5
Armor: Robe              |    38 |    54 |    49 |    94 |       |       ||   235
       Quicksilver drago |       |       |       |   170 |   501 |   104 ||   775
Dodge: Dodged            |    63 |    85 |   180 |   504 |  1032 |   189 ||  2053
       Deflected         |       |       |       |     6 |    41 |    25 ||    72
Block: Other             |       |       |    38 |   184 |   579 |   130 ||   931
